| TOP OF THE 1ST |
|
Princeton Rays batting - Pitching for Orem Owlz : LHP Lee Wendt
|
|
Pitching: LHP Lee Wendt
|
|
|
Batting: SHB Joshua Jackson
|
0-0: Ball 1-0: Ground out 3-1 (Groundball, 13, EV 87.5 MPH)
|
|
Batting: RHB Adam Turpin
|
0-0: Ball 1-0: TRIPLE (Flyball, 9D, EV 90.6 MPH)
|
|
Batting: LHB Oscar Curiel
|
0-0: Called Strike 0-1: Ball 1-1: Swinging Strike 1-2: Fly out, F5 (Popup, 5SF, EV 86.2 MPH)
|
|
Batting: LHB Rich Matthews
|
0-0: Ball 1-0: Foul Ball, location: 2F 1-1: Ball 2-1: Swinging Strike 2-2: Ground out 6-3 (Groundball, 6, EV 78.8 MPH)
|
| Top of the 1st over - 0 runs, 1 hit, 0 errors, 1 left on base; Princeton 0 - Orem 0 |
| BOTTOM OF THE 1ST |
|
Orem Owlz batting - Pitching for Princeton Rays : RHP Robin Pick
|
|
Pitching: RHP Robin Pick
|
|
|
Batting: RHB Nick Lombardo
|
0-0: Foul Ball, location: 2F 0-1: Swinging Strike 0-2: Ball 1-2: Ball 2-2: Foul Ball, location: 2F 2-2: Strikes out swinging
|
|
Batting: RHB Dan Burkhart
|
0-0: Ball 1-0: Called Strike 1-1: Foul Ball, location: 2F 1-2: SOLO HOME RUN (Flyball, 9D, EV 98.8 MPH), Distance : 378 ft
|
|
Batting: LHB Alberto Carrillo
|
0-0: Ball 1-0: Called Strike 1-1: SINGLE (Groundball, 34D, EV 95.6 MPH)
|
|
Batting: RHB Peter Westover
|
0-0: Called Strike 0-1: Foul Ball, location: 2F 0-2: Ball Alberto Carrillo is caught stealing 2nd base 2-4 1-2: Strikes out swinging
|
| Bottom of the 1st over - 1 run, 2 hits, 0 errors, 0 left on base; Princeton 0 - Orem 1 |
| TOP OF THE 2ND |
|
Princeton Rays batting - Pitching for Orem Owlz : LHP Lee Wendt
|
|
Batting: RHB Alex Diaz
|
0-0: Foul Ball, location: 2F 0-1: Ball 1-1: Foul Ball, location: 2F 1-2: Ball 2-2: Foul Ball, location: 2F 2-2: Foul Ball, location: 2F 2-2: Ball 3-2: Foul Ball, location: 2F 3-2: Hit by Pitch
|
|
Batting: RHB John Downing
|
0-0: Called Strike 0-1: Swinging Strike 0-2: Ball 1-2: Ball 2-2: Fielders Choice at 2nd, 4-6 (Groundball, 34S, EV 90.0 MPH)
|
|
Batting: RHB Roberto Aispuro
|
0-0: Fielders Choice at 2nd, 2-6 (Groundball, 13S, EV 73.8 MPH)
|
|
Batting: LHB Sean Banks
|
0-0: Called Strike Roberto Aispuro is caught stealing 2nd base 2-6
|
| Top of the 2nd over - 0 runs, 0 hits, 0 errors, 0 left on base; Princeton 0 - Orem 1 |
| BOTTOM OF THE 2ND |
|
Orem Owlz batting - Pitching for Princeton Rays : RHP Robin Pick
|
|
Batting: LHB Jamie Diebel
|
0-0: DOUBLE (Groundball, 5L, EV 100.0 MPH)
|
|
Batting: RHB Ricky Mejicanos
|
0-0: Ground out 1-3 (Groundball, 34S, EV 72.5 MPH) Jamie Diebel to third
|
|
Batting: RHB Sean Rocha
|
0-0: Ball 1-0: Called Strike 1-1: Foul Ball, location: 2F 1-2: Foul Ball, location: 2F 1-2: Ball 2-2: Foul Ball, location: 2F 2-2: Ball Passed Ball! Jamie Diebel scores 3-2: Base on Balls
|
|
Batting: RHB Kyle Gray
|
0-0: Called Strike 0-1: Ball 1-1: Fielders Choice at 2nd, 5-4 (Groundball, 56, EV 81.9 MPH)
|
|
Batting: RHB Jon Shonka
|
0-0: Swinging Strike 0-1: Swinging Strike 0-2: Ball 1-2: Ball 2-2: Ball 3-2: Base on Balls Kyle Gray to second
|
|
Batting: RHB Nick Lombardo
|
0-0: Ball 1-0: Ball 2-0: Ball 3-0: Called Strike 3-1: Base on Balls Kyle Gray to third Jon Shonka to second
|
|
Batting: RHB Dan Burkhart
|
0-0: Ball 1-0: Ball 2-0: TRIPLE (Groundball, 5L, EV 99.4 MPH) Kyle Gray scores Jon Shonka scores Nick Lombardo scores
|
|
Batting: LHB Alberto Carrillo
|
0-0: Called Strike 0-1: Fly out, F7 (Flyball, 78XD, EV 99.4 MPH)
|
| Bottom of the 2nd over - 4 runs, 2 hits, 0 errors, 1 left on base; Princeton 0 - Orem 5 |
| TOP OF THE 3RD |
|
Princeton Rays batting - Pitching for Orem Owlz : LHP Lee Wendt
|
|
Batting: LHB Sean Banks
|
0-0: Fly out, F1 (Line Drive, P, EV 68.1 MPH)
|
|
Batting: RHB Jim Erdody
|
0-0: Ball 1-0: Foul Ball, location: 2F 1-1: Ground out 1-3 (Groundball, 13, EV 61.9 MPH)
|
|
Batting: SHB Joshua Jackson
|
0-0: Ball 1-0: Ball 2-0: Called Strike 2-1: Ball 3-1: Called Strike 3-2: Base on Balls
|
|
Batting: RHB Adam Turpin
|
0-0: Fly out, F8 (Flyball, 78S, EV 91.9 MPH)
|
| Top of the 3rd over - 0 runs, 0 hits, 0 errors, 1 left on base; Princeton 0 - Orem 5 |
| BOTTOM OF THE 3RD |
|
Orem Owlz batting - Pitching for Princeton Rays : RHP Robin Pick
|
|
Batting: RHB Peter Westover
|
0-0: Called Strike 0-1: Ball 1-1: Ground out 5-3 (Groundball, 56S, EV 63.8 MPH)
|
|
Batting: LHB Jamie Diebel
|
0-0: DOUBLE (Line Drive, 9LS, EV 94.4 MPH)
|
|
Batting: RHB Ricky Mejicanos
|
0-0: Ball 1-0: Ball 2-0: Ball 3-0: Base on Balls
|
|
Batting: RHB Sean Rocha
|
0-0: Ball 1-0: Fly out, F7 (Flyball, 7D, EV 97.5 MPH)
|
|
Batting: RHB Kyle Gray
|
0-0: Called Strike 0-1: Ball 1-1: Fly out, F7 (Flyball, 7D, EV 76.2 MPH)
|
| Bottom of the 3rd over - 0 runs, 1 hit, 0 errors, 2 left on base; Princeton 0 - Orem 5 |
| TOP OF THE 4TH |
|
Princeton Rays batting - Pitching for Orem Owlz : LHP Lee Wendt
|
|
Batting: LHB Oscar Curiel
|
0-0: Ball 1-0: Ball 2-0: Ball 3-0: Called Strike 3-1: Fly out, F7 (Flyball, 7, EV 88.1 MPH)
|
|
Batting: LHB Rich Matthews
|
0-0: Ball 1-0: Foul Ball, location: 2F 1-1: Swinging Strike 1-2: Ground out U3 (Groundball, 3, EV 85.6 MPH)
|
|
Batting: RHB Alex Diaz
|
0-0: Ball 1-0: Ball 2-0: Foul Ball, location: 2F 2-1: Ball 3-1: SINGLE (Groundball, 56, EV 95.6 MPH) (infield hit)
|
|
Batting: RHB John Downing
|
0-0: Called Strike 0-1: SINGLE (Groundball, 13S, EV 70.6 MPH) (infield hit) Alex Diaz to second
|
|
Batting: RHB Roberto Aispuro
|
0-0: Called Strike 0-1: Ball Wild Pitch! Alex Diaz to third John Downing to second 1-1: Ground out 6-3 (Groundball, 6, EV 102.5 MPH)
|
| Top of the 4th over - 0 runs, 2 hits, 0 errors, 2 left on base; Princeton 0 - Orem 5 |
| BOTTOM OF THE 4TH |
|
Orem Owlz batting - Pitching for Princeton Rays : RHP Robin Pick
|
|
Pitching: RHP Andres Morales
|
|
|
Batting: RHB Jon Shonka
|
0-0: Ball 1-0: SINGLE (Groundball, 4D, EV 102.5 MPH)
|
|
Batting: RHB Nick Lombardo
|
0-0: Ball 1-0: Foul Ball, location: 2F 1-1: Ball 2-1: Called Strike 2-2: Ball 3-2: Strikes out looking Jon Shonka is caught stealing 2nd base 2-4 Batter strikes out.
|
|
Batting: RHB Dan Burkhart
|
0-0: Called Strike 0-1: Ball 1-1: Swinging Strike 1-2: Foul Ball, location: 2F 1-2: Ball 2-2: Foul Ball, location: 2F 2-2: DOUBLE (Flyball, 8LXD, EV 107.5 MPH)
|
|
Batting: LHB Alberto Carrillo
|
0-0: Ball 1-0: Called Strike 1-1: Ball 2-1: Foul Ball, location: 2F 2-2: Ball 3-2: Base on Balls
|
|
Batting: RHB Peter Westover
|
0-0: Ball 1-0: Ball 2-0: Called Strike 2-1: Ball 3-1: Foul Ball, location: 2F 3-2: Foul Ball, location: 2F 3-2: Foul Ball, location: 2F 3-2: Base on Balls Dan Burkhart to third Alberto Carrillo to second
|
|
Batting: LHB Jamie Diebel
|
0-0: Ball 1-0: Called Strike 1-1: Fielders Choice at 2nd, U4 (Groundball, 4M, EV 86.9 MPH)
|
| Bottom of the 4th over - 0 runs, 2 hits, 0 errors, 3 left on base; Princeton 0 - Orem 5 |
| TOP OF THE 5TH |
|
Princeton Rays batting - Pitching for Orem Owlz : LHP Lee Wendt
|
|
Batting: LHB Sean Banks
|
0-0: Ball 1-0: Ground out 3-1 (Groundball, 34, EV 103.8 MPH)
|
|
Batting: RHB Jim Erdody
|
0-0: Ball 1-0: Foul Ball, location: 2F 1-1: Swinging Strike 1-2: Ball 2-2: Ball 3-2: Foul Ball, location: 2F 3-2: Fly out, F8 (Flyball, 8LXD, EV 101.9 MPH)
|
|
Batting: SHB Joshua Jackson
|
0-0: Ball 1-0: SINGLE (Groundball, 4MD, EV 101.9 MPH)
|
|
Batting: RHB Adam Turpin
|
0-0: Ball 1-0: Ball 2-0: Ball 3-0: Called Strike 3-1: Foul Ball, location: 2F 3-2: Base on Balls Joshua Jackson to second
|
|
Pitching: RHP Jim Sawicki
|
|
|
Batting: LHB Oscar Curiel
|
0-0: Ball 1-0: Ball 2-0: Foul Ball, location: 2F 2-1: Ball 3-1: Base on Balls Joshua Jackson to third Adam Turpin to second
|
|
Batting: LHB Rich Matthews
|
0-0: Ground out 4-3 (Groundball, 4, EV 82.5 MPH)
|
| Top of the 5th over - 0 runs, 1 hit, 0 errors, 3 left on base; Princeton 0 - Orem 5 |
| BOTTOM OF THE 5TH |
|
Orem Owlz batting - Pitching for Princeton Rays : RHP Andres Morales
|
|
Batting: RHB Ricky Mejicanos
|
0-0: Called Strike 0-1: Foul Ball, location: 2F 0-2: Ball 1-2: Foul Ball, location: 2F 1-2: Strikes out swinging
|
|
Batting: RHB Sean Rocha
|
0-0: Ground out 6-3 (Groundball, 6, EV 88.1 MPH)
|
|
Batting: RHB Kyle Gray
|
0-0: Ball 1-0: Fly out, F9 (Line Drive, 89M, EV 90.0 MPH)
|
| Bottom of the 5th over - 0 runs, 0 hits, 0 errors, 0 left on base; Princeton 0 - Orem 5 |
| TOP OF THE 6TH |
|
Princeton Rays batting - Pitching for Orem Owlz : RHP Jim Sawicki
|
|
Batting: RHB Alex Diaz
|
0-0: Foul Ball, location: 2F 0-1: Ball 1-1: Ball 2-1: Ball 3-1: Foul Ball, location: 2F 3-2: Base on Balls
|
|
Batting: RHB John Downing
|
0-0: Ball 1-0: Ball Alex Diaz is caught stealing 2nd base 2-4 2-0: Called Strike 2-1: DOUBLE (Flyball, 78D, EV 101.9 MPH)
|
|
Batting: RHB Roberto Aispuro
|
0-0: Called Strike 0-1: Called Strike 0-2: Ball Passed Ball! John Downing to third 1-2: Ball 2-2: Fly out, F9 (Flyball, 9D, EV 96.9 MPH) Runner from 3rd tags up, SCORES, no throw by RF
|
|
Batting: LHB Sean Banks
|
0-0: Fly out, F9 (Flyball, 9, EV 83.8 MPH)
|
| Top of the 6th over - 1 run, 1 hit, 0 errors, 0 left on base; Princeton 1 - Orem 5 |
| BOTTOM OF THE 6TH |
|
Orem Owlz batting - Pitching for Princeton Rays : RHP Andres Morales
|
|
Batting: RHB Jon Shonka
|
0-0: Called Strike 0-1: Ball 1-1: Foul Ball, location: 2F 1-2: Ball 2-2: Strikes out looking
|
|
Batting: RHB Nick Lombardo
|
0-0: Ball 1-0: Foul Ball, location: 2F 1-1: Foul Ball, location: 2F 1-2: Ball 2-2: Ball 3-2: Base on Balls
|
|
Batting: RHB Dan Burkhart
|
0-0: Ball 1-0: Called Strike 1-1: Swinging Strike 1-2: Fielders Choice at 2nd, 1-4 (Groundball, P, EV 68.8 MPH)
|
|
Pitching: RHP Dumadi Kawilarang
|
|
|
Batting: LHB Alberto Carrillo
|
0-0: Swinging Strike 0-1: SINGLE (Flyball, 9LS, EV 91.9 MPH) Dan Burkhart to second Runner from 2nd tries for 3rd, SAFE, throw by RF made to third
|
|
Batting: RHB Peter Westover
|
0-0: Called Strike 0-1: Swinging Strike 0-2: TRIPLE (Flyball, 9LD, EV 106.2 MPH) Dan Burkhart scores Alberto Carrillo scores
|
|
Batting: LHB Jamie Diebel
|
0-0: Ball 1-0: Called Strike 1-1: Called Strike 1-2: Foul Ball, location: 2F 1-2: Ball 2-2: Strikes out swinging
|
| Bottom of the 6th over - 2 runs, 2 hits, 0 errors, 1 left on base; Princeton 1 - Orem 7 |
| TOP OF THE 7TH |
|
Princeton Rays batting - Pitching for Orem Owlz : RHP Jim Sawicki
|
|
Batting: RHB Jim Erdody
|
0-0: DOUBLE (Line Drive, 78M, EV 113.8 MPH)
|
|
Batting: SHB Joshua Jackson
|
0-0: Ball 1-0: Ball 2-0: Ball 3-0: Swinging Strike 3-1: Base on Balls
|
|
Pinch Hitting: LHB Dave Northam
|
0-0: Foul Ball, location: 2F 0-1: Foul Ball, location: 2F 0-2: Ball 1-2: 3-RUN HOME RUN (Flyball, 78XD, EV 108.1 MPH), Distance : 425 ft
|
|
Pitching: LHP Paul Griffin
|
|
|
Batting: LHB Oscar Curiel
|
0-0: Swinging Strike 0-1: Ball 1-1: Foul Ball, location: 2F 1-2: Ball 2-2: Ball 3-2: Foul Ball, location: 2F 3-2: Foul Ball, location: 2F 3-2: Foul Ball, location: 2F 3-2: Foul Ball, location: 2F 3-2: Foul Ball, location: 2F 3-2: Foul Ball, location: 2F 3-2: Base on Balls
|
|
Batting: LHB Rich Matthews
|
0-0: Ball 1-0: Ball 2-0: Ball 3-0: Foul Ball, location: 2F 3-1: Hit by Pitch Oscar Curiel to second
|
|
Batting: RHB Alex Diaz
|
0-0: Called Strike 0-1: Ball 1-1: Foul Ball, location: 2F 1-2: Strikes out looking
|
|
Batting: RHB John Downing
|
0-0: Called Strike 0-1: Swinging Strike 0-2: Ball 1-2: Grounds into double play, 5-4-3 (Groundball, 5, EV 90.0 MPH)
|
| Top of the 7th over - 3 runs, 2 hits, 0 errors, 1 left on base; Princeton 4 - Orem 7 |
| BOTTOM OF THE 7TH |
|
Orem Owlz batting - Pitching for Princeton Rays : RHP Dumadi Kawilarang
|
|
Now in RF: Berthold Frey
|
|
|
Batting: RHB Ricky Mejicanos
|
0-0: Ball 1-0: Ball 2-0: Called Strike 2-1: Fly out, F4 (Flyball, 4MD, EV 91.2 MPH)
|
|
Batting: RHB Sean Rocha
|
0-0: Called Strike 0-1: Ball 1-1: Fly out, F7 (Line Drive, 78M, EV 89.4 MPH)
|
|
Batting: RHB Kyle Gray
|
0-0: Called Strike 0-1: DOUBLE (Flyball, 8LXD, EV 100.0 MPH)
|
|
Batting: RHB Jon Shonka
|
0-0: Called Strike 0-1: Ball 1-1: Fly out, F7 (Flyball, 7, EV 85.0 MPH)
|
| Bottom of the 7th over - 0 runs, 1 hit, 0 errors, 1 left on base; Princeton 4 - Orem 7 |
| TOP OF THE 8TH |
|
Princeton Rays batting - Pitching for Orem Owlz : LHP Paul Griffin
|
|
Batting: RHB Roberto Aispuro
|
0-0: Ball 1-0: Ball 2-0: Foul Ball, location: 2F 2-1: Fly out, F4 (Popup, 34S, EV 76.9 MPH)
|
|
Batting: LHB Sean Banks
|
0-0: Ball 1-0: Ball 2-0: Ball 3-0: Called Strike 3-1: Foul Ball, location: 2F 3-2: SINGLE (Line Drive, 8RS, EV 112.5 MPH)
|
|
Batting: RHB Jim Erdody
|
0-0: Ball 1-0: Foul Ball, location: 2F 1-1: Fielders Choice at 2nd, 4-6 (Groundball, 4MD, EV 83.1 MPH)
|
|
Batting: SHB Joshua Jackson
|
0-0: Fly out, F8 (Flyball, 8RD, EV 95.6 MPH)
|
| Top of the 8th over - 0 runs, 1 hit, 0 errors, 1 left on base; Princeton 4 - Orem 7 |
| BOTTOM OF THE 8TH |
|
Orem Owlz batting - Pitching for Princeton Rays : RHP Dumadi Kawilarang
|
|
Batting: RHB Nick Lombardo
|
0-0: Called Strike 0-1: Called Strike 0-2: Foul Ball, location: 2F 0-2: Strikes out swinging
|
|
Batting: RHB Dan Burkhart
|
0-0: Fly out, F8 (Flyball, 8RD, EV 95.0 MPH)
|
|
Batting: LHB Alberto Carrillo
|
0-0: Called Strike 0-1: Foul Ball, location: 2F 0-2: Foul Ball, location: 2F 0-2: Ball 1-2: Fly out, F9 (Flyball, 89M, EV 79.4 MPH)
|
| Bottom of the 8th over - 0 runs, 0 hits, 0 errors, 0 left on base; Princeton 4 - Orem 7 |
| TOP OF THE 9TH |
|
Princeton Rays batting - Pitching for Orem Owlz : LHP Paul Griffin
|
|
Pitching: RHP Josh Reynolds
|
|
|
Batting: SHB Berthold Frey
|
0-0: Swinging Strike 0-1: Called Strike 0-2: Ball 1-2: Strikes out looking
|
|
Batting: LHB Oscar Curiel
|
0-0: Called Strike 0-1: Foul Ball, location: 2F 0-2: Strikes out looking
|
|
Batting: LHB Rich Matthews
|
0-0: Ground out 6-3 (Groundball, 6, EV 86.2 MPH)
|
| Top of the 9th over - 0 runs, 0 hits, 0 errors, 0 left on base; Princeton 4 - Orem 7 |
|